 Dungeon Crawl Stone Soup version 0.18.1-50-g88ac8fd (webtiles) character file.

912 magog001 the Shield-Bearer (level 8, -1/50 HPs)
             Began as a Gargoyle Fighter on Jan 10, 2019.
             Was an Initiate of Nemelex Xobeh.
             Slain by PeterLawrence's ghost (7 damage)
             ... on level 4 of the Dungeon.
             The game lasted 00:16:24 (3098 turns).

magog001 the Shield-Bearer (Gargoyle Fighter)       Turns: 3098, Time: 00:16:24

Health: -1/50      AC: 18    Str: 27    XL:     8   Next: 9%
Magic:  8/8        EV:  4    Int:  9    God:    Nemelex Xobeh [......]
Gold:   221        SH: 11    Dex:  9    Spells: 0 memorised, 7 levels left

rFire  . . .     SeeInvis +     k - +0 falchion (protect)
rCold  + . .     Gourm    .     r - +0 ring mail (curse)
rNeg   + . .     Faith    .     c - +0 shield
rPois  ∞         Spirit   .     g - +1 helmet {SInv}
rElec  +         Dismiss  .     (no cloak)
rCorr  .         Reflect  .     (no gloves)
SustAt .         Harm     .     (no boots)
MR     .....                    (no amulet)
Stlth  ..........               (no ring)
                                j - ring of protection from cold

@: mighty, not resistant to hostile enchantments, extremely unstealthy
A: negative energy resistance 1, electricity resistance, unbreathing,
petrification resistance, rot immunity, AC +5
a: Renounce Religion


You were on level 4 of the Dungeon.
You worshipped Nemelex Xobeh.
Nemelex Xobeh was noncommittal.
You were very hungry.

You visited 1 branch of the dungeon, and saw 4 of its levels.

You collected 221 gold pieces.

Inventory:

Hand Weapons
 a - a +1 flail
 k - a +0 falchion of protection (weapon)
Armour
 c - a +0 shield (worn)
 g - a +1 helmet of see invisible (worn)
 l - a +0 plate armour
 r - a cursed +0 ring mail (worn)
Jewellery
 j - a ring of protection from cold (left hand)
Scrolls
 h - 2 scrolls of blinking
 u - a scroll of fog
 x - a scroll of identify
Potions
 e - a potion of curing {unknown}
 o - a potion of degeneration {unknown}
 p - a potion of magic
 s - 3 potions of brilliance {unknown}
 w - a potion of lignification {unknown}
Miscellaneous
 q - a plain deck of escape {drawn: 1}
Comestibles
 b - 4 meat rations
 f - 5 bread rations
 i - 3 chunks of flesh
 m - a beef jerky
 n - a royal jelly


   Skills:
 * Level 5.5 Fighting
 * Level 3.0 Long Blades
 - Level 2.5 Maces & Flails
 * Level 5.5 Armour
 - Level 1.0 Dodging
 - Level 0.2 Stealth
 * Level 6.6 Shields


You had 7 spell levels left.
You didn't know any spells.

Dungeon Overview and Level Annotations

Branches:
Dungeon (4/15)
 Temple: D:4-7

Altars:
Fedhas
Gozag
Nemelex Xobeh

Annotations:
D:4 PeterLawrence's ghost, amateur MiFi


Innate Abilities, Weirdness & Mutations

You are resistant to torment.
Your stone body is resilient (AC +5).
You are immune to poison.
You resist negative energy.
You are resistant to electric shocks.
You can survive without breathing.
You are immune to petrification.
You are immune to rotting.


Message History

* * * LOW HITPOINT WARNING * * *
You barely miss the scorpion.
The scorpion is heavily wounded.
Something hits the freed slave!
The freed slave dies!
The scorpion completely misses you.
You closely miss the scorpion.
The scorpion is heavily wounded.
The scorpion stings you but does no damage.
PeterLawrence's ghost turns its malevolent gaze towards you.
You slash the scorpion!
You kill the scorpion!
Your Long Blades skill increases to level 3!
You see here a scorpion corpse.
PeterLawrence's ghost whispers, "They're coming for you..."
You are feeling very hungry.
There is a stone staircase leading up here.
PeterLawrence's ghost hits you!
You die...
Your body disappears without a glow.

.# #... ......# .. ...
..p.p.# .##.# ...
....#.. ..... #.#
...p. . ......#.# .[.
...
......#.#######.#.....
............†.).......
..##.).W####......#
#..)#@# .#.#...
......#...# .. .. .
............. ..# #..
###......#......# .
#..............
...............
#.......###...
.....##.# ....


You could see PeterLawrence's ghost.

Vanquished Creatures
  Pikel (D:4)
  Sigmund (D:4)
  An ogre (D:3)
  A scorpion (D:4)
  Jessica (D:3)
  Terence (D:2)
  Robin (D:1)
  4 adders
  An ooze (D:2)
  A dart slug (D:2)
  A giant gecko (D:1)
  5 orcs
  3 ball pythons
  3 bats
  3 giant cockroaches
  12 goblins
  12 hobgoblins
  2 jackals (D:1)
  9 kobolds
  8 giant newts
  7 rats
78 creatures vanquished.

Vanquished Creatures (others)
  A slave (D:4)
1 creature vanquished.

Grand Total: 79 creatures vanquished

Notes
Turn   | Place    | Note
--------------------------------------------------------------
     0 | D:1      | magog001 the Gargoyle Fighter began the quest for the Orb.
     0 | D:1      | Reached XP level 1. HP: 14/14 MP: 1/1
    92 | D:1      | Reached XP level 2. HP: 19/19 MP: 2/2
   680 | D:1      | Reached XP level 3. HP: 23/23 MP: 3/3
   862 | D:2      | Noticed Robin
  1125 | D:1      | Killed Robin
  1125 | D:1      | Reached XP level 4. HP: 25/29 MP: 4/4
  1280 | D:2      | Reached skill level 4 in Shields
  1306 | D:2      | Found a blossoming altar of Fedhas.
  1405 | D:2      | Noticed Terence
  1578 | D:2      | Killed Terence
  1578 | D:2      | Reached XP level 5. HP: 32/33 MP: 5/5
  1649 | D:2      | Reached skill level 1 in Dodging
  1958 | D:3      | Found an opulent altar of Gozag.
  1958 | D:3      | Found a sparkling altar of Nemelex Xobeh.
  1980 | D:3      | Became a worshipper of Nemelex Xobeh the Trickster
  2000 | D:3      | Received a gift from Nemelex Xobeh
  2073 | D:3      | Noticed Jessica
  2095 | D:3      | Killed Jessica
  2828 | D:4      | Noticed Sigmund
  2833 | D:4      | Noticed an ogre
  2847 | D:3      | Killed an ogre
  2847 | D:3      | Reached skill level 1 in Long Blades
  2847 | D:3      | Reached XP level 6. HP: 20/39 MP: 6/6
  3017 | D:4      | Killed Sigmund
  3017 | D:4      | Reached skill level 5 in Shields
  3028 | D:4      | Noticed Pikel
  3029 | D:4      | Noticed a slave
  3029 | D:4      | Noticed a slave
  3029 | D:4      | Noticed a slave
  3030 | D:4      | Noticed a slave
  3060 | D:4      | Noticed PeterLawrence's ghost (amateur MiFi)
  3087 | D:4      | Killed Pikel
  3087 | D:4      | Reached skill level 5 in Fighting
  3087 | D:4      | Reached skill level 5 in Armour
  3087 | D:4      | Reached skill level 6 in Shields
  3087 | D:4      | Reached XP level 7. HP: 8/44 MP: 7/7
  3087 | D:4      | Reached XP level 8. HP: 10/50 MP: 8/8
  3098 | D:4      | Slain by PeterLawrence's ghost

Skill      XL: |  1  2  3  4  5  6  7  8 |
---------------+-------------------------+-----
Fighting       | 4 5 |  5.5
Armour         | 4 5 |  5.5
Shields        | 4 6 |  6.6
Dodging        | 1 |  1.0
Long Blades    | 1 2 3 |  3.0
Maces & Flails | |  2.5
Stealth        | |  0.2

Action                   |  1- 3 |  4- 6 |  7- 9 || total
-------------------------+-------+-------+-------++-------
Melee: Flail             |   137 |    63 |       ||   200
       Falchion          |       |   194 |     5 ||   199
Evoke: Deck              |       |     1 |       ||     1
  Use: Scroll            |       |     9 |       ||     9
       Potion            |       |     1 |       ||     1
  Eat: Chunk             |     1 |     1 |       ||     2
       Meat ration       |       |     1 |       ||     1
Armor: Scale mail        |    96 |     6 |       ||   102
       Ring mail         |       |   137 |     2 ||   139
Dodge: Dodged            |    46 |   106 |     1 ||   153
Block: Shield            |    78 |   139 |     2 ||   219
